 Dungeon Crawl Stone Soup version 0.26.0-18-gc5c842f807 (webtiles) character file.

Game seed: 2643297056152666554

704 gimp the Chopper (level 7, -8/54 HPs)
             Began as a Formicid Ice Elementalist on Jan 22, 2021.
             Mangled by an ogre
             ... wielding a +0 giant club
              (17 damage)
             ... on level 5 of the Dungeon.
             The game lasted 00:13:14 (6696 turns).

gimp the Chopper (Formicid Ice Elementalist)        Turns: 6696, Time: 00:13:15

Health: -8/54      AC:  5    Str: 14    XL:     7   Next: 99%
Magic:  8/10       EV: 11    Int: 15    God:
Gold:   177        SH:  5    Dex: 11    Spells: 9/10 levels left

rFire    . . .     SeeInvis +   x - +2 hand axe (vorpal)
rCold    . . .     Faith    .   (no shield)
rNeg     . . .     Spirit   .   e - +0 ring mail
rPois    .         Reflect  +   (helmet unavailable)
rElec    .         Harm     .   (no cloak)
rCorr    .         Rampage  .   (no gloves)
Will     .....                  (no boots)
Stlth    +.........             u - amulet of reflection
HPRegen  0.18/turn              (no ring)
MPRegen  0.12/turn              (no ring)

@: no status effects
A: permanent stasis, dig shafts and tunnels, four strong arms, antennae 3
a: Dig, Shaft Self


You were on level 5 of the Dungeon.
You visited 1 branch of the dungeon, and saw 5 of its levels.

You collected 177 gold pieces.

Inventory:

Hand Weapons
 x - a +2 vorpal hand axe (weapon)
Missiles
 r - 5 poisoned darts (quivered)
 w - 3 silver boomerangs
Armour
 a - a +0 robe
 d - a +0 chain mail
 e - a +0 ring mail (worn)
Jewellery
 k - an uncursed amulet of guardian spirit
 u - an amulet of reflection (around neck)
 y - an uncursed amulet of regeneration {unknown}
Scrolls
 b - 4 scrolls of identify
 c - a scroll of blinking {unknown}
 h - a scroll of amnesia {unknown}
 i - 4 scrolls of teleportation {unknown}
 m - a scroll of magic mapping {unknown}
 o - 2 scrolls of enchant weapon {unknown}
 p - a scroll of immolation {unknown}
 q - 2 scrolls of remove curse
Potions
 f - a potion of lignification
 g - a potion of cancellation
 l - 2 potions of curing {unknown}
 n - a potion of ambrosia {unknown}
 s - 2 potions of brilliance {unknown}
 t - a potion of attraction {unknown}
 v - a potion of invisibility {unknown}
 z - 2 potions of might {unknown}


   Skills:
 + Level 4.2 Fighting
 * Level 5.5 Axes
 + Level 3.0 Armour
 - Level 3.0 Dodging
 - Level 2.4 Stealth
 - Level 2.1 Spellcasting
 - Level 4.0 Ice Magic


You had 9 spell levels left.
You knew the following spells:

 Your Spells              Type           Power        Failure   Level
a - Freeze                Ice            52%          9%          1

Your spell library contained the following spells:

 Spells                   Type           Power        Failure   Level
 Frozen Ramparts          Ice            26%          26%         3
 Ozocubu's Armour         Ice            13%          26%         3
 Ensorcelled Hibernation  Hex/Ice        14%          28%         2
 Corona                   Hex            1%           41%         1
 Confusing Touch          Hex            1%           78%         3
 Dazzling Flash           Conj/Hex       2%           78%         3
 Tukima's Dance           Hex            1%           78%         3
 Hailstorm                Conj/Ice       7%           88%         4
 Summon Ice Beast         Ice/Summ       7%           88%         4


Dungeon Overview and Level Annotations

Branches:
Dungeon (5/15)
 Temple: D:4-7

Altars:
Ashenzari
Cheibriados
Hepliaklqana
Ru
Uskayaw
Wu Jian

Annotations:
D:2 1 runed translucent door, Crazy Yiuf
D:4 canine's ghost, weakling GnDe


Innate Abilities, Weirdness & Mutations

You cannot be hasted, slowed, berserked, paralysed or teleported.
You can dig through walls and to a lower floor.
Your four strong arms can wield two-handed weapons with a shield.
You have a pair of large antennae on your head. (SInv)


Message History

The ogre looks more healthy.
Casting: Freeze (safe; 9% risk of failure)
Confirm with . or Enter, or press ? or * to list all spells.
Aiming: Freeze (safe; 9% risk of failure)
Press: ? - help, Shift-Dir - straight line, f/p - ogre
Aim: an ogre, wielding a +0 giant club (moderately wounded)
You freeze the ogre.
The ogre is severely wounded.
The ogre hits you with a +0 giant club!!
* * * LOW HITPOINT WARNING * * *
You take 23 damage, and have 9/54 hp.
MASSIVE DAMAGE!!
You now have 9/10 mp.
Casting: Freeze (safe; 9% risk of failure)
Confirm with . or Enter, or press ? or * to list all spells.
Aiming: Freeze (safe; 9% risk of failure)
Press: ? - help, Shift-Dir - straight line, f/p - ogre
Aim: an ogre, wielding a +0 giant club (severely wounded)
You freeze the ogre.
The ogre is severely wounded.
The ogre hits you with a +0 giant club!
You die...

#.# {
#.# #.#
#.# #.#
#.# #.#
#.# #@#
#O# #.#
#.#
##..#.#
#...#.#
#..##.#
#..##.#
#$.##.#


You could see an ogre.

Vanquished Creatures
  An ogre (D:4)
  A bullfrog (D:2)
  A scorpion (D:3)
  A howler monkey (D:2)
  An orc priest (D:3)
  2 iguanas
  4 orc wizards
  4 worker ants
  6 adders
  2 gnolls (D:4)
  A white imp (D:5)
  An ooze (D:1)
  An adder skeleton (D:4)
  4 worms
  2 dart slugs
  4 leopard geckos
  10 orcs
  3 ball pythons
  7 bats
  4 giant cockroaches
  6 goblins
  7 hobgoblins
  A jackal (D:2)
  11 kobolds
  2 quokkas (D:4)
  5 frilled lizards
  A jackal skeleton (D:4)
  6 rats
99 creatures vanquished.

Vanquished Creatures (others)
  6 plants (D:4)
6 creatures vanquished.

Grand Total: 105 creatures vanquished

Notes
Turn   | Place    | Note
-------+----------+-------------------------------------------
     0 | D:1      | gimp the Formicid Ice Elementalist began the quest for the
                  | Orb.
     0 | D:1      | Reached XP level 1. HP: 13/13 MP: 3/3
   216 | D:1      | Reached skill level 1 in Fighting
   216 | D:1      | Reached XP level 2. HP: 21/21 MP: 1/5
   236 | D:1      | Reached skill level 1 in Axes
   429 | D:1      | Reached XP level 3. HP: 26/26 MP: 2/6
  1111 | D:2      | Reached skill level 2 in Axes
  1222 | D:2      | Reached XP level 4. HP: 22/33 MP: 2/7
  1499 | D:2      | Reached XP level 5. HP: 32/38 MP: 1/8
  1730 | D:2      | Found a runed translucent door.
  1731 | D:2      | Noticed Crazy Yiuf
  2686 | D:3      | Found a snail-covered altar of Cheibriados.
  2686 | D:3      | Found a sacrificial altar of Ru.
  2686 | D:3      | Found a hazy altar of Hepliaklqana.
  2686 | D:3      | Found a broken altar of Ashenzari.
  2694 | D:3      | Noticed a bullfrog
  2709 | D:2      | Killed a bullfrog
  2710 | D:2      | Reached skill level 3 in Axes
  2863 | D:3      | Reached XP level 6. HP: 46/46 MP: 5/9
  3255 | D:3      | Reached skill level 1 in Armour
  3374 | D:3      | Reached skill level 4 in Axes
  3615 | D:3      | Found a hide-covered altar of Uskayaw.
  3615 | D:3      | Found an ornate altar of the Wu Jian Council.
  3776 | D:4      | Noticed a phantom
  3796 | D:3      | Reached XP level 7. HP: 35/52 MP: 5/10
  5071 | D:4      | Reached skill level 5 in Axes
  5716 | D:4      | Found a transporter.
  5784 | D:4      | Identified the +3 buckler of Qoare {rC+}
  5802 | D:4      | Found a transporter.
  5824 | D:4      | Noticed canine's ghost (weakling GnDe)
  6549 | D:5      | Entered Level 5 of the Dungeon
  6696 | D:5      | Mangled by an ogre

Illustrated notes

Levels and vault maps discovered:
D:1:      scummos_arrival_simple_crosswalls, layout_basic, serial_rivers,
          chequers_serial_rivers_room_b, chequers_serial_rivers_room_a,
          chequers_serial_rivers_micro_b, chequers_serial_rivers_small_b,
          chequers_serial_rivers_micro_c, chequers_serial_rivers_room_a,
          minivault_23, minmay_fountain_box
D:2:      minmay_spotlight, layout_basic, uniq_crazy_yiuf_cottage
D:3:      layout_rooms, amethyst_overflow_temple_binary,
          chequers_temple_overflow_statue_of_worship
D:4:      layout_loops_ring, gammafunk_ghost_gnarly_gnolls,
          chequers_serial_rivers_micro_b
D:5:      layout_basic, serial_shops, shop

Skill      XL: |  1  2  3  4  5  6  7 |
---------------+----------------------+-----
Fighting       | 1 2 3 4 |  4.2
Dodging        | 2 3 |  3.0
Axes           | 1 2 3 4 5 |  5.5
Armour         | 1 3 |  3.0
Stealth        | |  2.4
Spellcasting   | |  2.1
Ice Magic      | |  4.0

Action                   |  1- 3 |  4- 6 |  7- 9 || total
-------------------------+-------+-------+-------++-------
Melee: Hand axe          |    58 |    67 |    36 ||   161
Throw: Dart              |       |       |     7 ||     7
 Cast: Freeze            |    29 |    66 |    68 ||   163
  Use: Scroll            |     2 |     5 |     1 ||     8
 Stab: Sleeping          |       |     1 |       ||     1
Armor: Robe              |     5 |       |       ||     5
       Ring mail         |    11 |    35 |    23 ||    69
Dodge: Dodged            |    48 |    62 |    63 ||   173
Block: Other             |       |     4 |    20 ||    24
       Reflection        |       |     1 |     1 ||     2
